AoeStats
← AxingQuestions

Arena

509230938Analyzed
4v4 RM · 6d ago on Sep 26, 2026· 43m 52s· 8 players
Game mode
Random Map
Map size
Large (8 player)
Population
200
Speed
Normal
Resources
Standard
Victory
Conquest
Starting age
Dark Age
Ending age
Imperial Age
RankedLock teamsTeams togetherTeam positionsShared explorationLock speedFull tech treeHidden civsTurbo modeCheats
Victory
Defeat
🇧🇷 Burgundians · Brazil
1243
+15
🇺🇸 Vikings · United States
1176
+18
🇦🇺 Turks · Australia
1167
+18
🇧🇷 Inca · Brazil
1164
+18
🇻🇳 Franks · Vietnam
1261
-20
🇨🇳 Turks · China
1217
-17
🇹🇼 Varangians · Taiwan
1195
-16
🇺🇸 Spanish · United States
1185
-16
BigOleChunguss
11:20 Feudal Age
15:25 Castle Age
13:37 Double-Bit Axe
15:10 Gold Mining
15:17 Stone Mining
20:53 Loom
21:46 Wheelbarrow
23:16 Bow Saw
24:12 Horse Collar
24:38 Fletching
26:08 Hand Cart
29:38 Imperial Age
28:25 Padded Archer Armor
28:21 Bodkin Arrow
29:47 Masonry
29:57 Ballistics
31:20 Chemistry
30:43 Ballistics
30:47 Conscription
30:46 Town Watch
32:11 Two-Man Saw
31:46 Bracer
32:01 Leather Archer Armor
32:41 Stone Shaft Mining
32:18 Elite Conquistador
34:07 Redemption
救不了你
10:10 Feudal Age
14:16 Castle Age
12:36 Horse Collar
13:36 Gold Mining
15:05 Double-Bit Axe
16:31 Loom
24:49 Wheelbarrow
26:43 Hand Cart
31:52 Imperial Age
29:35 Scale Barding Armor
29:31 Scale Mail Armor
29:41 Forging
29:22 Fletching
29:54 Heavy Plow
29:47 Vendel Legacy
31:32 Chain Barding Armor
31:27 Chain Mail Armor
31:14 Padded Archer Armor
31:52 Husbandry
32:03 Bloodlines
31:13 Light Cavalry
33:06 Iron Casting
33:44 Ballistics
34:27 Chemistry
34:08 Crop Rotation
34:23 Bodkin Arrow
34:13 Hussar
37:07 Elite Jarl
40:24 Plate Barding Armor
40:19 Plate Mail Armor
40:50 Blast Furnace
40:20 Plate Mail Armor
40:50 Blast Furnace
40:29 Arson
40:45 Squires
40:31 Gambesons
41:28 Leather Archer Armor
42:05 Elite Varangian Guard
halong1301
10:53 Feudal Age
15:24 Castle Age
13:16 Double-Bit Axe
17:18 Bow Saw
21:42 Forging
23:43 Loom
24:14 Gambesons
26:00 Gold Mining
27:28 Scale Mail Armor
27:51 Scale Barding Armor
28:58 Husbandry
29:59 Gold Shaft Mining
30:09 Chain Barding Armor
35:24 Imperial Age
w2k8m1w2762
1:24 Loom
11:19 Feudal Age
16:40 Castle Age
15:15 Double-Bit Axe
15:14 Horse Collar
15:34 Gold Mining
16:28 Stone Mining
20:01 Wheelbarrow
19:40 Bow Saw
20:24 Heavy Plow
29:43 Imperial Age
28:08 Hand Cart
27:39 Town Watch
27:39 Treadmill Crane
28:57 Masonry
29:08 Ballistics
28:44 Murder Holes
28:44 Fletching
28:55 Padded Archer Armor
29:05 Forging
29:01 Scale Barding Armor
30:19 Gold Shaft Mining
31:33 Architecture
31:39 Bloodlines
31:30 Husbandry
32:48 Conscription
33:21 Artillery
33:17 Heavy Camel Rider
AxingQuestions
10:19 Feudal Age
11:34 Loom
14:45 Castle Age
13:35 Double-Bit Axe
13:32 Horse Collar
16:36 Bow Saw
16:34 Heavy Plow
24:36 Town Watch
25:05 Squires
25:07 Scale Mail Armor
25:19 Forging
28:40 Imperial Age
26:30 Town Patrol
26:34 Gold Mining
26:36 Stone Mining
26:41 Arson
27:16 Chain Mail Armor
27:37 Iron Casting
29:49 Conscription
29:06 Elite Varangian Guard
30:50 Two-Man Saw
30:21 Crop Rotation
29:37 Capped Ram
31:16 Plate Mail Armor
31:31 Gold Shaft Mining
31:16 Siege Ram
33:25 Murder Holes
33:41 Fortified Wall
33:13 Treadmill Crane
33:44 Masonry
33:55 Ballistics
39:53 Blast Furnace
39:26 Architecture
altrnate15
8:28 Feudal Age
8:53 Horse Collar
8:59 Double-Bit Axe
19:38 Castle Age
20:41 Bow Saw
21:13 Wheelbarrow
25:58 Imperial Age
24:01 Gold Mining
24:30 Padded Archer Armor
25:42 Fletching
26:08 Leather Archer Armor
27:44 Two-Man Saw
29:19 Stone Mining
31:18 Hand Cart
38:40 Gold Shaft Mining
38:13 Heavy Plow
38:44 Masonry
38:30 Murder Holes
38:16 Treadmill Crane
38:36 Town Watch
39:49 Loom
41:15 Town Patrol
43:11 Architecture
42:51 Fortified Wall
43:14 Ring Archer Armor
42:34 Fletching
42:45 Scale Mail Armor
42:50 Scale Barding Armor
43:41 Forging
43:59 Parthian Tactics
44:25 Conscription
Brandt9700
10:49 Feudal Age
12:15 Wheelbarrow
12:44 Loom
15:10 Castle Age
14:06 Double-Bit Axe
17:06 Bow Saw
17:02 Horse Collar
18:28 Heavy Plow
24:21 Crossbowman
26:54 Hand Cart
27:20 Gold Mining
31:27 Imperial Age
29:03 Fletching
29:13 Padded Archer Armor
30:04 Gold Shaft Mining
29:34 Squires
30:07 Stone Mining
30:21 Bodkin Arrow
31:37 Stone Shaft Mining
31:26 Arson
31:42 Scale Mail Armor
31:42 Arbalester
33:24 Chemistry
32:44 Ballistics
33:13 Leather Archer Armor
34:08 Bracer
34:39 Ring Archer Armor
34:25 Chain Mail Armor
34:20 Forging
35:11 Crop Rotation
34:18 Capped Ram
35:17 Thumb Ring
35:44 Plate Mail Armor
35:45 Ring Archer Armor
36:05 Siege Ram
36:08 Elite Kamayuk
37:53 Fabric Shields
38:14 Conscription
39:10 Iron Casting
42:40 Blast Furnace
MK_Ultra
3:53 Double-Bit Axe
6:53 Horse Collar
12:44 Feudal Age
16:26 Castle Age
14:44 Bow Saw
16:39 Wheelbarrow
18:25 Two-Man Saw
17:40 Gold Mining
18:03 Heavy Plow
19:11 Hand Cart
22:11 Gold Mining
28:06 Imperial Age
26:21 Forging
26:19 Scale Barding Armor
26:01 Loom
26:02 Town Watch
26:02 Treadmill Crane
27:52 Iron Casting
27:36 Cavalier
28:46 Husbandry
29:20 Chain Barding Armor
29:08 Paladin
32:50 Blast Furnace
40:38 Plate Barding Armor
39:54 Fletching
40:08 Town Patrol
41:13 Padded Archer Armor
42:26 Chemistry
40:59 Pikeman
41:40 Squires
42:08 Conscription
42:10 Murder Holes
42:35 Ballistics
42:12 Bodkin Arrow
44:08 Leather Archer Armor
43:19 Crossbowman
Connection lost

Rejoining the realm…

Still unreachable

The connection could not be restored.

Session expired

The server has moved on; the page needs a fresh start.